Map: Mementos LE

Players

Rcc

  • Race: Terran Terran
  • League: Platinum
  • Spawn Location: 9:00

Fessy

  • Race: Terran Terran
  • Spawn Location: 7:00

MooEsqoo

  • Race: Protoss Protoss
  • Spawn Location: 9:00

PRIHA

  • Race: Protoss Protoss
  • League: Silver
  • Spawn Location: 6:00

Shell

  • Race: Zerg Zerg
  • League: Platinum
  • Spawn Location: 3:00

Toasted

  • Race: Protoss Protoss
  • League: Diamond
  • Spawn Location: 3:00

Figue

  • Race: Zerg Zerg
  • Spawn Location: 12:00

Potentát

  • Race: Protoss Protoss
  • Spawn Location: 1:00

VOD

Have the link to the VOD?

Description

Time

  • Played on: Nov. 19, 2019, 2:51 p.m.
  • Length: 16:43
Show
View Real Time Build Order
Export as new Build Order

Rcc Terran 

Build Orders:  

Get SALT Encoding   

  12  0:02  SCV  
  13  0:14  Refinery  
  13  0:20  Supply Depot  
  13  0:24  SCV  
  14  0:36  SCV  
  15  0:48  SCV  
  16  0:52  Barracks  
  16  0:59  Refinery  
  16  1:09  SCV  
  17  1:21  SCV  
  18  1:33  SCV  
  19  1:43  Marine  
  19  1:44  Factory  
  20  1:53  Orbital Command  
  20  2:01  Marine  
  21  2:19  Marine  
  22  2:25  Supply Depot  
  22  2:26  SCV  
  23  2:54  Factory Reactor  
  23  2:59  Barracks Reactor  
  23  3:08  Starport  
  23  3:14  SCV  
  23  3:16  Starport  
  23  3:17  Starport  
  23  3:18  Starport  
  24  3:26  SCV  
  25  3:42  Widow Mine x2  
  25  3:43  Marine x2  
  31  3:49  Supply Depot  
  31  4:02  Starport Tech Lab  
  31  4:03  Starport Tech Lab  
  31  4:09  Starport Tech Lab  
  31  4:13  Starport Tech Lab  
  31  4:15  Fusion Core  
  31  4:53  Supply Depot  
  31  4:55  Supply Depot  
  31  4:57  Supply Depot  
  31  5:04  Weapon Refit  
  28  5:29  Orbital Command  
  27  6:08  SCV  
  28  6:14  Battlecruiser  
  34  6:20  SCV  
  35  6:32  SCV  
  30  6:58  Battlecruiser  
  35  7:48  Command Center  
  35  7:59  Battlecruiser  
  9  9:12  Orbital Command  
  9  9:17  Command Center  
  9  9:20  Battlecruiser  
  21  9:58  Battlecruiser  
  21  10:03  SCV  
  22  10:16  SCV  
  23  10:28  SCV  
  24  10:40  SCV  
  25  10:44  Orbital Command  
  25  12:19  SCV  
  25  12:20  SCV  
  27  12:31  SCV  
  27  12:32  SCV  
  29  12:43  SCV  
  29  12:44  SCV  
  25  12:55  SCV  
  25  12:56  SCV  
  25  12:57  Refinery  
  27  12:59  Refinery  
  27  13:07  SCV  
  27  13:08  SCV  
  29  13:38  SCV  
  30  13:50  SCV  
  31  13:56  SCV, Command Center  
  31  14:02  SCV  
  33  14:08  SCV  
  34  14:14  SCV  
  35  14:20  SCV  
  36  14:32  SCV  
  37  15:10  Orbital Command  
  37  15:17  Refinery, Orbital Command  
  37  15:26  Widow Mine x2  
  35  15:47  Widow Mine x2  
Show
View Real Time Build Order
Export as new Build Order

Fessy Terran 

Build Orders:  

Get SALT Encoding   

  12  0:03  SCV  
  13  0:15  SCV  
  14  0:23  Supply Depot  
  14  0:27  SCV  
  15  0:44  SCV  
  16  0:50  Barracks  
  16  0:55  Barracks  
  16  1:04  Barracks  
  16  1:09  SCV  
  17  1:17  Refinery  
  17  1:23  SCV  
  18  1:34  Supply Depot  
  18  1:37  SCV  
  18  1:39  Marine  
  20  1:42  Marine  
  21  1:51  Marine  
  22  2:05  Marine x2  
  22  2:07  Engineering Bay  
  24  2:12  Marine  
  25  2:16  SCV  
  26  2:23  Marine x2  
  28  2:30  Marine  
  28  2:31  Supply Depot  
  29  2:40  Marine  
  30  2:58  Bunker  
  30  3:10  Command Center  
  30  3:15  Barracks Reactor  
  30  3:16  Barracks Reactor  
  30  3:18  Barracks Tech Lab  
  30  3:23  SCV  
  31  3:35  Supply Depot  
  31  3:42  Combat Shield  
  31  3:52  Marine  
  31  3:55  Marine x3  
  34  3:58  Marine  
  34  3:59  Refinery  
  36  4:08  SCV  
  37  4:20  SCV  
  38  4:24  Bunker  
  38  4:30  Factory  
  38  4:44  Terran Infantry Weapons Level 1  
  38  4:58  Missile Turret  
  38  5:02  SCV  
  39  5:08  Engineering Bay  
  39  5:14  SCV  
  40  5:30  Marine x4  
  40  5:31  Marine  
  45  5:48  Marine x3  
  48  5:51  Terran Infantry Armor Level 1  
  48  5:57  Factory Tech Lab  
  48  6:01  Starport  
  48  6:12  Marine x5  
  48  6:17  Siege Tank  
  56  6:24  Orbital Command  
  53  6:29  Marine  
  43  7:08  Marine x5  
  46  7:19  Starport Reactor  
  46  7:21  Supply Depot  
  46  7:25  Marine x2  
  46  7:26  Marine x3  
  51  7:40  Bunker  
  51  7:41  Planetary Fortress  
  51  7:43  Marine x4  
  51  7:44  Marine, Missile Turret  
  55  7:45  Armory  
  56  8:01  Marine x5  
  59  8:10  Missile Turret  
  59  8:19  Marine x5  
  56  8:31  Widow Mine  
  53  8:37  Marine x5  
  58  8:47  Missile Turret  
  58  8:53  Widow Mine  
  58  8:54  Marine  
  61  9:04  Hi-Sec Auto Tracking  
  61  9:06  Neosteel Armor  
  61  9:12  Missile Turret  
  61  9:14  Siege Tank, Missile Turret  
  61  9:15  SCV  
  65  9:27  SCV  
  66  9:39  SCV  
  67  9:48  Missile Turret  
  67  9:51  SCV  
  68  9:54  Missile Turret  
  67  10:17  Widow Mine  
  67  10:18  Marine x5  
  63  10:29  Viking  
  65  10:36  Marine x5  
  70  11:10  Command Center  
  70  11:22  Supply Depot  
  70  11:26  Marine x5  
  70  11:27  Widow Mine  
  77  11:43  Viking x2  
  77  11:44  Marine x2  
  83  11:48  Widow Mine  
  83  12:10  Widow Mine  
  85  12:20  Supply Depot  
  85  12:22  Viking  
  87  12:28  Missile Turret  
  87  12:32  Missile Turret  
  85  12:52  Terran Infantry Weapons Level 2  
  85  12:55  Viking x2  
  85  12:57  Terran Ship Weapons Level 1  
  89  13:05  Refinery  
  81  13:13  Missile Turret  
  81  13:18  Marine x4  
  81  13:19  Marine  
  86  13:26  Supply Depot  
  86  13:30  Supply Depot  
  86  13:35  Viking  
  86  13:36  Marine x4  
  92  13:42  Bunker  
  92  14:20  Command Center  
  92  14:22  Missile Turret  
  85  14:52  Missile Turret  
  85  14:58  Missile Turret  
  85  15:03  Marine x5  
  90  15:12  Missile Turret  
  90  15:18  Bunker  
  90  15:21  Marine x4  
  92  15:27  Missile Turret  
  90  15:50  Supply Depot  
  79  16:11  Missile Turret  
  81  16:14  Missile Turret  
  81  16:19  Marine x2  
  81  16:20  Marine, Missile Turret  
  79  16:27  Refinery  
Show
View Real Time Build Order
Export as new Build Order

MooEsqoo Protoss 

Build Orders: 1 Gate Expand, Oracle Opening 

Get SALT Encoding   

  12  0:03  Probe  
  13  0:17  Pylon  
  13  0:18  Probe  
  14  0:30  Probe  
  15  0:36  Gateway  
  16  0:42  Probe  
  16  0:48  Assimilator  
  16  0:55  Probe (Chrono Boost)  
  18  1:05  Probe (Chrono Boost)  
  18  1:10  Probe (Chrono Boost)  
  19  1:22  Probe  
  20  1:38  Nexus  
  20  1:47  Cybernetics Core  
  20  1:52  Pylon  
  20  1:57  Assimilator  
  20  1:58  Probe  
  21  2:10  Probe  
  22  2:23  Warp Gate (Chrono Boost)  
  22  2:24  Probe  
  22  2:25  Stalker  
  25  2:34  Gateway  
  25  2:42  Probe  
  26  2:54  Probe  
  26  2:57  Stalker  
  29  3:03  Stargate  
  29  3:09  Probe  
  29  3:10  Probe  
  31  3:15  Assimilator  
  31  3:21  Probe  
  31  3:22  Stalker  
  34  3:30  Pylon  
  34  3:33  Pylon  
  34  3:42  Gateway  
  34  3:43  Oracle (Chrono Boost)  
  37  3:51  Stalker  
  39  3:56  Probe  
  39  3:57  Probe  
  41  4:06  Stalker  
  43  4:13  Pylon  
  43  4:15  Probe  
  43  4:16  Assimilator  
  44  4:18  Oracle (Chrono Boost)  
  47  4:33  Probe x2  
  49  4:59  Probe  
  50  5:00  Probe  
  51  5:43  Oracle  
  51  5:48  Stalker x3  
  60  6:10  Pylon  
  60  6:14  Gateway  
  60  6:15  Gateway  
  60  6:19  Twilight Council  
  60  6:36  Stalker x2  
  60  6:37  Stalker  
  63  6:40  Void Ray  
  67  7:13  Stalker x2  
  67  7:14  Stalker x2  
  67  7:15  Stalker  
  71  7:33  Probe x2  
  72  7:45  Probe x2  
  74  7:57  Probe  
  55  8:27  Stalker x5  
  55  8:33  Blink (Chrono Boost)  
  61  8:56  Shield Battery  
  61  8:59  Stalker x3  
  61  9:00  Stalker x2  
  61  9:01  Shield Battery  
  71  9:17  Void Ray  
  71  9:24  Stalker  
  77  9:31  Pylon  
  77  9:33  Pylon  
  77  9:35  Pylon  
  77  9:37  Pylon  
  77  9:40  Pylon  
  77  9:42  Pylon  
  77  9:44  Pylon  
  77  9:46  Pylon  
  71  9:55  Pylon  
  68  10:00  Void Ray  
  68  10:14  Stalker x2  
  68  10:15  Stalker x3  
  56  10:56  Stalker x5  
  66  11:03  Void Ray  
  70  11:14  Gateway  
  70  11:16  Gateway  
  70  11:20  Gateway  
  70  11:21  Gateway  
  70  11:30  Stalker x3  
  70  11:31  Stalker  
  78  11:32  Stalker  
  78  11:39  Charge (Chrono Boost)  
  80  11:59  Stalker x3  
  80  12:00  Stalker x2  
  90  12:02  Void Ray, Nexus  
  94  12:12  Forge  
  94  12:20  Assimilator  
  94  12:25  Assimilator  
  94  12:29  Pylon  
  94  12:31  Stalker x4  
  94  12:32  Pylon, Stalker x3  
  94  12:33  Stalker  
  94  12:34  Stalker  
  102  13:24  Shield Battery  
  102  13:25  Shield Battery  
  102  13:27  Shield Battery  
  102  13:29  Photon Cannon  
  102  13:30  Photon Cannon, Stalker x3  
  108  13:35  Probe  
  109  13:47  Probe  
  110  13:59  Probe  
  111  14:11  Probe  
  112  14:17  Stalker  
  112  14:18  Stalker x4  
  112  14:19  Stalker x3  
  112  14:23  Probe  
  129  14:49  Stalker x3  
  129  14:50  Stalker x3  
  115  15:35  Stalker x3  
  113  15:36  Stalker  
  89  15:58  Nexus  
Show
View Real Time Build Order
Export as new Build Order

PRIHA Protoss 

Build Orders: Cannon Rush 

Get SALT Encoding   

  12  0:12  Probe  
  13  0:24  Probe  
  13  0:26  Pylon  
  14  0:33  Pylon  
  14  0:36  Probe  
  15  0:51  Pylon  
  15  1:04  Forge  
  15  1:10  Gateway  
  15  1:40  Photon Cannon  
  15  1:44  Photon Cannon  
  15  1:53  Photon Cannon  
  15  1:58  Assimilator  
  15  2:15  Assimilator  
  15  2:56  Probe (Chrono Boost)  
  16  3:08  Probe (Chrono Boost)  
  17  3:12  Probe (Chrono Boost)  
  17  3:17  Pylon  
  18  3:23  Probe  
  18  3:26  Pylon  
  19  3:32  Nexus  
  19  3:35  Probe  
  19  3:40  Photon Cannon  
  20  3:48  Photon Cannon  
  20  3:53  Photon Cannon  
  20  4:06  Photon Cannon  
  20  4:18  Photon Cannon  
  20  4:27  Assimilator  
  20  4:32  Assimilator  
  20  4:44  Pylon  
  20  4:49  Pylon  
  20  5:03  Pylon  
  20  5:07  Cybernetics Core  
  6  5:50  Photon Cannon  
  6  5:52  Photon Cannon  
  5  6:09  Probe  
  6  6:21  Probe  
  7  6:33  Probe (Chrono Boost)  
  8  6:45  Probe (Chrono Boost)  
  9  6:51  Probe (Chrono Boost)  
  10  7:00  Probe  
  11  7:12  Probe  
  12  7:24  Probe  
  13  7:37  Probe  
  14  7:49  Probe  
  14  8:01  Probe  
  15  8:27  Forge  
  15  8:32  Pylon  
Show
View Real Time Build Order
Export as new Build Order

Shell Zerg 

Build Orders: Pool First, Swarm Host 

Get SALT Encoding   

  12  0:03  Drone  
  13  0:10  Drone  
  14  0:18  Overlord  
  14  0:32  Extractor  
  14  0:34  Extractor  
  14  0:35  Drone x2  
  14  0:39  Drone  
  15  0:54  Spawning Pool  
  14  1:02  Drone  
  14  1:03  Drone  
  16  1:11  Drone  
  17  1:19  Drone  
  18  1:33  Drone  
  19  1:41  Lair  
  19  1:45  Drone  
  20  1:52  Drone  
  21  2:03  Drone  
  22  2:12  Evolution Chamber  
  22  2:14  Drone  
  22  2:28  Overlord  
  22  2:38  Zerg Missile Weapons Level 1  
  22  2:44  Infestation Pit  
  21  2:45  Drone  
  21  2:46  Drone  
  23  2:53  Nydus Network  
  23  2:55  Queen  
  23  2:58  Drone  
  25  3:08  Drone  
  26  3:20  Hatchery  
  25  3:29  Overlord  
  25  3:42  Swarm Host  
  25  3:45  Overlord  
  28  3:50  Swarm Host  
  31  4:00  Swarm Host  
  34  4:08  Queen  
  36  4:10  Swarm Host  
  36  4:14  Drone  
  40  4:18  Swarm Host  
  40  4:22  Drone  
  44  4:32  Swarm Host  
  44  4:37  Drone  
  48  4:41  Swarm Host  
  51  4:50  Nydus Canal  
  51  4:57  Zerg Missile Weapons Level 2  
  51  4:59  Drone  
  52  5:01  Overlord  
  52  5:35  Drone x2  
  54  5:36  Drone  
  54  5:37  Swarm Host  
  54  5:40  Overlord x5  
  58  6:34  Drone  
  58  6:35  Drone x5  
  62  6:56  Nydus Canal  
  56  7:10  Spore Crawler  
  55  7:20  Nydus Canal  
  55  7:24  Drone x3  
  55  7:25  Swarm Host x2  
  55  7:26  Swarm Host x2  
  55  7:28  Zerg Ground Armor Level 1  
  70  7:58  Nydus Canal  
  70  8:06  Drone x2  
  70  8:09  Extractor  
  70  8:12  Drone x3  
  74  8:14  Extractor  
  74  8:15  Drone x3  
  76  8:51  Hive  
  76  9:07  Nydus Canal  
  76  9:22  Nydus Canal  
  76  9:23  Swarm Host x8  
  97  9:28  Overlord x4  
  97  9:29  Overlord x7  
  100  10:45  Zerg Missile Weapons Level 3  
  100  10:53  Drone x3  
  103  11:00  Nydus Canal  
  103  11:11  Spore Crawler  
  102  11:22  Hatchery  
  102  11:23  Extractor  
  100  11:27  Extractor  
  100  11:28  Spire  
  98  11:33  Nydus Canal  
  98  11:40  Nydus Canal  
  98  11:46  Pneumatized Carapace  
  98  12:04  Nydus Canal  
  98  12:25  Nydus Canal  
  98  13:09  Zerg Flyer Armor Level 1  
  98  13:14  Corruptor  
  98  13:15  Corruptor x17  
  98  13:19  Overlord x3  
  134  13:20  Overlord  
  134  13:30  Queen  
  134  13:32  Drone x3  
  139  13:54  Drone  
  140  13:56  Drone  
  141  14:05  Nydus Canal  
  141  14:20  Nydus Canal  
  141  14:58  Corruptor x7  
  141  14:59  Corruptor x6  
  167  15:25  Nydus Canal  
  167  15:53  Hatchery  
Show
View Real Time Build Order
Export as new Build Order

Toasted Protoss 

Build Orders: 1 Gate Expand, Double Forge, Carriers 

Get SALT Encoding   

  12  0:01  Probe  
  13  0:13  Probe  
  14  0:19  Pylon  
  14  0:25  Probe  
  15  0:37  Probe  
  15  0:42  Gateway  
  16  0:47  Assimilator  
  17  0:50  Probe (Chrono Boost)  
  17  1:00  Probe (Chrono Boost)  
  18  1:04  Probe (Chrono Boost)  
  19  1:21  Probe  
  20  1:30  Nexus  
  20  1:42  Cybernetics Core  
  20  1:45  Probe (Chrono Boost)  
  21  1:50  Assimilator  
  21  1:57  Probe (Chrono Boost)  
  21  2:01  Pylon  
  22  2:04  Probe (Chrono Boost)  
  23  2:19  Probe (Chrono Boost)  
  24  2:31  Probe (Chrono Boost)  
  24  2:34  Gateway  
  24  2:39  Gateway  
  24  2:41  Warp Gate  
  24  2:42  Stalker  
  26  2:44  Probe (Chrono Boost)  
  28  2:53  Probe (Chrono Boost)  
  28  2:54  Probe (Chrono Boost)  
  29  2:59  Probe x2 (Chrono Boost)  
  31  3:08  Pylon  
  31  3:11  Probe (Chrono Boost)  
  33  3:15  Stalker  
  33  3:16  Probe (Chrono Boost)  
  36  3:20  Probe (Chrono Boost)  
  36  3:24  Probe (Chrono Boost)  
  36  3:26  Stalker  
  39  3:30  Stalker  
  41  3:34  Probe  
  41  3:35  Probe  
  43  3:41  Pylon  
  43  3:46  Robotics Facility  
  43  3:50  Probe (Chrono Boost)  
  43  3:51  Probe (Chrono Boost)  
  43  3:53  Assimilator  
  45  3:59  Stalker  
  45  4:02  Probe (Chrono Boost)  
  48  4:04  Stalker  
  48  4:08  Stalker  
  48  4:09  Probe (Chrono Boost)  
  52  4:11  Probe  
  54  4:18  Shield Battery  
  54  4:23  Twilight Council  
  54  4:25  Probe (Chrono Boost)  
  56  4:33  Probe (Chrono Boost)  
  56  4:34  Assimilator  
  56  4:35  Pylon, Probe (Chrono Boost)  
  57  4:39  Observer, Probe (Chrono Boost)  
  57  4:40  Probe (Chrono Boost)  
  60  4:54  Blink (Chrono Boost)  
  60  4:58  Forge  
  60  4:59  Forge  
  60  5:04  Observer  
  60  5:05  Stalker x2  
  60  5:06  Stalker  
  67  5:25  Gateway  
  67  5:26  Gateway  
  67  5:28  Gateway  
  67  5:36  Photon Cannon  
  67  5:45  Stalker  
  67  5:49  Protoss Ground Weapons Level 1, Protoss Ground Armor Level 1  
  69  6:00  Pylon  
  69  6:06  Pylon  
  69  6:07  Pylon  
  69  6:10  Pylon  
  69  6:19  Stalker  
  69  6:20  Stalker x2  
  74  6:26  Observer (Chrono Boost)  
  75  6:40  Stargate  
  75  6:43  Stargate  
  75  6:46  Pylon  
  75  7:33  Fleet Beacon  
  75  7:34  Warp Prism  
  77  7:47  Protoss Air Weapons Level 1  
  49  9:11  Carrier x2  
  61  9:18  Stargate  
  61  9:25  Stargate  
  61  9:26  Zealot x2, Pylon  
  61  9:28  Pylon  
  61  9:29  Pylon  
  61  9:31  Pylon  
  65  9:35  Nexus  
  65  9:38  Assimilator  
  65  9:39  Protoss Shields Level 1 (Chrono Boost)  
  65  9:41  Protoss Ground Weapons Level 2 (Chrono Boost)  
  65  9:43  Assimilator  
  65  9:45  Pylon  
  65  9:47  Protoss Air Weapons Level 2 (Chrono Boost)  
  65  9:48  Pylon  
  65  9:51  Charge  
  65  9:52  Pylon  
  66  9:53  Observer  
  66  10:15  Photon Cannon  
  66  10:18  Photon Cannon  
  66  10:19  Shield Battery  
  66  10:20  Shield Battery  
  66  10:25  Shield Battery  
  66  10:28  Photon Cannon  
  66  10:29  Carrier (Chrono Boost)  
  66  10:30  Photon Cannon, Carrier x2 (Chrono Boost)  
  90  10:48  Probe (Chrono Boost)  
  92  10:58  Probe (Chrono Boost)  
  92  11:00  Observer  
  92  11:03  Probe (Chrono Boost)  
  94  11:14  Probe  
  95  11:29  Carrier (Chrono Boost)  
  95  11:30  Carrier (Chrono Boost)  
  95  11:31  Tempest (Chrono Boost), Carrier (Chrono Boost)  
  112  11:34  Protoss Shields Level 2  
  112  11:49  Observer  
  112  12:11  Protoss Air Weapons Level 3 (Chrono Boost), Observer  
  113  12:25  Mothership (Chrono Boost)  
  113  12:27  Nexus  
  113  12:29  Assimilator  
  121  12:31  Assimilator  
  121  12:35  Pylon  
  121  12:37  Pylon  
  121  12:38  Tempest  
  121  12:40  Pylon  
  126  12:44  Pylon  
  126  12:57  Photon Cannon  
  126  12:59  Photon Cannon  
  126  13:02  Photon Cannon  
  126  13:04  Photon Cannon  
  126  13:05  Photon Cannon  
  126  13:07  Photon Cannon  
  126  13:14  Tempest  
  131  13:22  Tempest  
  136  13:31  Tempest  
  141  13:39  Probe (Chrono Boost)  
  142  13:46  Probe  
  143  13:51  Probe  
  144  13:58  Probe  
  144  14:01  Shield Battery  
  145  14:03  Shield Battery, Probe  
  145  14:06  Shield Battery  
  145  14:08  Shield Battery  
  146  14:10  Shield Battery, Probe  
  146  14:11  Shield Battery  
  145  14:24  Tempest  
  145  14:25  Tempest  
  145  14:26  Observer  
  145  14:30  Tempest  
  160  14:38  Tempest  
  164  15:07  Tempest x2  
  164  15:13  Tempest  
  179  15:21  Tempest  
Show
View Real Time Build Order
Export as new Build Order

Figue Zerg 

Build Orders: Pool First 

Get SALT Encoding   

  12  0:07  Drone  
  12  0:10  Drone  
  14  0:22  Overlord  
  14  0:28  Extractor, Drone  
  14  0:43  Drone x2  
  16  0:54  Drone  
  16  0:56  Spawning Pool  
  16  1:21  Drone  
  16  1:24  Hatchery  
  16  1:27  Drone  
  16  1:30  Drone  
  18  1:38  Extractor, Drone  
  18  1:44  Drone  
  19  1:56  Evolution Chamber  
  19  1:59  Drone  
  19  2:05  Lair  
  19  2:07  Drone  
  20  2:25  Zerg Melee Weapons Level 1  
  20  2:27  Drone x2  
  22  2:40  Overlord  
  22  2:44  Drone  
  23  2:53  Overlord  
  23  2:55  Metabolic Boost  
  23  2:57  Drone  
  24  3:04  Queen  
  26  3:14  Drone  
  26  3:15  Drone  
  28  3:27  Nydus Network  
  28  3:29  Zergling x2  
  28  3:31  Zergling x2  
  29  3:35  Zergling x2  
  29  3:40  Pneumatized Carapace  
  29  3:41  Drone x3  
  33  3:54  Drone  
  33  3:55  Zergling x2  
  35  3:56  Zergling x2  
  36  4:04  Zergling x2  
  37  4:13  Hatchery  
  37  4:16  Zergling x8  
  40  4:21  Drone x2  
  42  4:38  Overlord x2  
  39  4:50  Drone x3  
  41  4:57  Nydus Canal  
  41  5:01  Zergling x8  
  41  5:04  Drone  
  32  5:46  Hydralisk Den  
  32  5:49  Drone x3  
  34  5:54  Extractor  
  34  5:55  Extractor  
  32  5:58  Zerg Missile Weapons Level 1  
  32  6:02  Overlord x6  
  32  6:20  Spore Crawler  
  32  6:21  Spore Crawler x2  
  32  6:22  Drone  
  32  6:23  Drone x3  
  33  6:30  Grooved Spines  
  33  6:33  Hydralisk x5  
  43  6:40  Drone x2  
  43  6:42  Drone  
  46  7:06  Hydralisk x6  
  58  7:26  Drone x3  
  61  7:33  Hatchery  
  60  7:42  Muscular Augments  
  60  7:46  Infestation Pit  
  60  7:47  Hydralisk  
  60  7:48  Hydralisk x4  
  69  8:06  Evolution Chamber  
  69  8:07  Zerg Missile Weapons Level 2  
  68  8:25  Nydus Canal  
  68  8:29  Hydralisk  
  68  8:30  Hydralisk x4  
  68  8:33  Zergling x8  
  78  9:08  Hydralisk  
  78  9:09  Hydralisk x5  
  84  9:13  Drone x3  
  91  9:17  Drone x3  
  94  9:26  Zerg Ground Armor Level 1  
  94  9:36  Extractor, Drone x2  
  95  9:40  Extractor  
  95  9:42  Drone  
  95  9:43  Drone x3  
  98  9:51  Nydus Canal  
  98  10:03  Hydralisk x6  
  76  10:27  Drone  
  76  10:28  Drone x2  
  61  10:35  Hydralisk  
  61  10:36  Hydralisk x5  
  61  10:42  Hive  
  73  10:54  Zerg Melee Weapons Level 2  
  73  10:58  Drone x2  
  73  11:04  Overlord x3  
  75  11:17  Hydralisk x7  
  89  11:21  Hydralisk  
  91  11:26  Hydralisk  
  91  11:30  Hydralisk  
  95  11:33  Drone x3  
  98  11:41  Zerg Ground Armor Level 2  
  98  11:57  Hydralisk  
  98  11:58  Hydralisk x4  
  108  12:09  Adrenal Glands  
  108  12:15  Overseer  
  108  12:20  Overlord x3  
  108  12:26  Hydralisk  
  108  12:27  Hydralisk x4  
  118  12:34  Overlord x3  
  118  13:04  Hydralisk x7  
  132  13:10  Zerg Missile Weapons Level 3  
  132  13:33  Nydus Canal  
  132  13:49  Hydralisk x6  
  132  13:54  Overlord x3  
  144  13:56  Overseer  
  144  14:17  Hydralisk x6  
  156  14:34  Nydus Canal  
  156  14:45  Nydus Canal  
  156  14:54  Hydralisk x7  
  156  14:55  Hydralisk x5  
  180  15:08  Nydus Canal  
Show
View Real Time Build Order
Export as new Build Order

Potentát Protoss 

Build Orders:  

Get SALT Encoding   

  12  0:01  Probe  
  13  0:13  Probe  
  14  0:20  Pylon  
  14  0:26  Probe  
  15  0:39  Gateway  
  15  0:41  Probe (Chrono Boost)  
  16  0:48  Assimilator  
  17  0:50  Probe (Chrono Boost)  
  17  0:55  Probe (Chrono Boost)  
  17  1:02  Pylon  
  18  1:07  Probe  
  18  1:09  Assimilator  
  19  1:19  Probe  
  20  1:27  Cybernetics Core  
  20  1:31  Probe  
  21  1:43  Probe  
  22  1:56  Probe  
  23  2:11  Stargate  
  23  2:14  Pylon  
  23  2:34  Nexus  
  23  2:36  Assimilator  
  23  2:40  Assimilator  
  23  2:42  Pylon  
  23  2:47  Probe  
  24  2:55  Void Ray (Chrono Boost)  
  28  2:59  Probe  
  29  3:11  Probe  
  30  3:27  Probe  
  30  3:28  Void Ray (Chrono Boost)  
  35  3:44  Forge  
  35  3:45  Pylon  
  35  3:50  Probe  
  36  4:02  Void Ray (Chrono Boost)  
  40  4:13  Probe  
  41  4:25  Probe  
  41  4:28  Stargate  
  42  4:31  Pylon  
  42  4:35  Photon Cannon  
  42  4:40  Photon Cannon  
  42  4:51  Void Ray (Chrono Boost)  
  42  4:55  Probe  
  47  5:00  Probe  
  48  5:12  Probe  
  49  5:27  Void Ray (Chrono Boost)  
  53  5:33  Pylon  
  53  5:34  Void Ray (Chrono Boost)  
  57  5:41  Protoss Air Weapons Level 1  
  61  6:05  Void Ray (Chrono Boost)  
  61  6:10  Void Ray (Chrono Boost)  
  65  6:19  Stargate  
  65  6:30  Cybernetics Core  
  41  7:06  Void Ray x3  
  53  7:27  Probe  
  54  7:39  Probe  
  55  7:49  Void Ray x2  
  55  7:51  Probe  
  64  7:58  Nexus  
  64  8:03  Probe  
  65  8:15  Probe  
  54  9:04  Void Ray  
  54  9:05  Void Ray x2  
  58  9:40  Probe  
  59  9:47  Void Ray x2  
  59  9:48  Void Ray  
  59  9:52  Probe  
  72  10:04  Probe  
  73  10:07  Assimilator  
  73  10:12  Assimilator  
  73  10:16  Probe  
  74  10:27  Void Ray x3 (Chrono Boost)  
  74  10:28  Probe  
  75  10:31  Probe  
  88  10:44  Probe  
  88  10:49  Probe  
  90  10:56  Probe  
  91  10:59  Fleet Beacon  
  91  11:01  Probe  
  91  11:02  Pylon  
  91  11:03  Pylon  
  92  11:04  Pylon  
  92  11:05  Pylon  
  92  11:06  Void Ray, Pylon  
  92  11:08  Probe  
  92  11:10  Void Ray  
  101  11:20  Pylon, Probe x2  
  103  11:32  Probe x2  
  105  11:44  Probe x2  
  107  11:56  Probe x2  
  109  12:08  Probe x2  
  111  12:20  Void Ray x3  
  123  12:31  Protoss Air Armor Level 1  
  123  12:34  Protoss Air Weapons Level 2  
  107  13:03  Void Ray x2  
  79  13:28  Tempest  
  84  13:45  Tempest  
  84  13:46  Tempest  
  84  13:47  Stargate  
  94  13:50  Pylon  
  94  13:55  Pylon  
  94  13:56  Probe  
  95  14:08  Probe  
  96  14:11  Tempest (Chrono Boost)  
  101  14:19  Nexus  
  101  14:20  Probe  
  101  14:22  Assimilator  
  102  14:24  Pylon  
  102  14:26  Tempest (Chrono Boost)  
  102  14:27  Pylon, Tempest (Chrono Boost)  
  102  14:31  Assimilator  
  112  14:32  Probe  
  112  14:33  Tempest (Chrono Boost)  
  118  14:44  Probe  
  119  14:50  Tempest (Chrono Boost)  
  124  15:01  Tempest x2  
  134  15:08  Tempest  
  139  15:26  Tempest  
  144  15:44  Tempest  
Tags
 
Add a new tag
Caveats
  • Supply blocks, unpowered buildings, or Contaminate may cause inaccurate times.
  • Supply counts are checked every 10 seconds.